 Dungeon Crawl Stone Soup version 0.29-a0-495-g17b79114eb (webtiles) character file.

Game seed: 18090541015221087280

5 quinnr the Gusty (level 1, -3/8 (10) HPs)
             Began as a Tengu Air Elementalist on May 27, 2022.
             Slain by a gnoll
             ... wielding a +1 whip of draining
              (5 damage)
             ... on level 1 of the Dungeon.
             The game lasted 00:01:25 (171 turns).

quinnr the Gusty (Tengu Air Elementalist)            Turns: 171, Time: 00:01:26

HP:   -3/8 (10)     AC:  2    Str:  8    XL:     1   Next: 80%
MP:   0/4           EV: 12    Int: 15    God:
Gold: 0             SH:  0    Dex: 14    Spells: 3/4 levels left

rFire   . . .      SeeInvis .   (no weapon)
rCold   . . .      Faith    .   (no shield)
rNeg    . . .      Spirit   .   a - +0 robe
rPois   .          Reflect  .   (helmet restricted)
rElec   .          Harm     .   (no cloak)
rCorr   .          Rampage  .   (no gloves)
Will    .....                   (boots unavailable)
Stlth   ++........              (no amulet)
HPRegen 0.02/turn               (no ring)
MPRegen 0.09/turn               (no ring)

@: heavily drained
A: beak, talons 3
a: no special abilities


You were on level 1 of the Dungeon.
You visited 1 branch of the dungeon, and saw 1 of its levels.

Inventory:

Armour
 a - a +0 robe (worn)
Scrolls
 d - a scroll of identify {unknown}
Potions
 b - a potion of magic
 c - a potion of heal wounds {unknown}


   Skills:
 + Level 2.3 Dodging
 + Level 2.1 Stealth
 + Level 2.0 Spellcasting
 + Level 1.6 Conjurations
 + Level 4.1 Air Magic


You had 3 spell levels left.
You knew the following spells:

 Your Spells              Type           Power      Damage    Failure   Level
a - Shock                 Conj/Air       40%        1d5       7%          1

Your spell library contained the following spells:

 Spells                   Type           Power      Damage    Failure   Level
 Static Discharge         Conj/Air       10%        N/A       11%         2
 Swiftness                Air            13%        N/A       12%         3
 Airstrike                Air            6%         N/A       38%         4


Dungeon Overview and Level Annotations

Branches:
Dungeon (1/15)

Altars:


Innate Abilities, Weirdness & Mutations

You have a beak for a mouth.
You have claws for feet.


Message History

There are monsters nearby!
The zap hits the kobold.
You kill the kobold!
The zap hits the endoplasm.
The endoplasm is severely wounded.
An endoplasm is nearby!
You are too depleted to draw on your mana recklessly!
An endoplasm is nearby!
You are too depleted to draw on your mana recklessly!
The zap hits the endoplasm.
You kill the endoplasm!
You are too depleted to draw on your mana recklessly!
Key pressed, stopping explore.
A gnoll comes into view. It is wielding a +1 whip of draining.
A gnoll is nearby!
A gnoll is nearby!
A gnoll is nearby!
The zap hits the gnoll.
The gnoll is moderately wounded.
The gnoll shouts!
The zap misses the gnoll.
The zap hits the gnoll.
The gnoll is moderately wounded.
The zap misses the gnoll.
You are too depleted to draw on your mana recklessly!
You are too depleted to draw on your mana recklessly!
You are too depleted to draw on your mana recklessly!
The zap misses the gnoll.
The zap hits the gnoll.
The gnoll is severely wounded.
The gnoll attacks as you move away!
The gnoll hits you with a +1 whip of draining!
Ouch! That really hurt!
* * * LOW HITPOINT WARNING * * *
You feel drained.
* * * LOW HITPOINT WARNING * * *
The gnoll attacks as you move away! The gnoll misses you.
The gnoll attacks as you move away!
The gnoll hits you with a +1 whip of draining.
Ouch! That really hurt!
You die...

≈P♣ #................. ♣≈≈ ≈≈♣♣
#.#............)# ..^ .^.P
.^.♣#..########.###... P.. P..
... ##......###.## ♣♣.♣♣♣♣.♣♣♣♣.♣
#..####.##.#.## ♣........♣♣..♣
#.........###.#
..[.....P♣♣..###.#####....#.##
♣.......P.PP....g# ####..##
♣...<...........@# ##.####...
♣................# #.......#
.........♣♣..###.#######..####...
♣.......P♣♣..♣ #.....)..........
♣♣.♣♣♣♣.♣♣♣♣.♣ #########..#####.
P.. ♣P..P♣..P♣ #.^# ..^
♣.^.P♣.^.♣ #..# ♣≈≈ ♣≈≈≈♣♣≈≈≈♣
#..# ♣≈≈P♣♣P≈P♣ ...#


You could see a gnoll.

Vanquished Creatures
  2 endoplasms (D:1)
  A goblin (D:1)
  A kobold (D:1)
4 creatures vanquished.

Notes
Turn   | Place    | Note
-------+----------+-------------------------------------------
     0 | D:1      | quinnr the Tengu Air Elementalist began the quest for the
                  | Orb.
     0 | D:1      | Reached XP level 1. HP: 10/10 MP: 4/4
     2 | D:1      | Upgraded the game from 0.29-a0-490-g77b3608bb8 to
                  | 0.29-a0-495-g17b79114eb
   171 | D:1      | Slain by a gnoll

Illustrated notes

Levels and vault maps discovered:
D:1:      psy_arrival_wood_between_worlds, layout_loops_ring

Action                   || total
-------------------------++-------
 Cast: Shock             ||    13
Dodge: Dodged            ||     1

Table legend: (Time is in decaauts)
 A = Elapsed time spent in this place.
 B = Non-inter-level travel time spent in this place.
 C = Inter-level travel time spent in this place.
 D = Time resting spent in this place.
 E = Time spent auto-exploring this place.
 F = Levels seen in this place.
 G = Mean time per level.
                   A        B        C        D        E       F      G
               +--------+--------+--------+--------+--------+-----+--------+
         Total |    171 |    171 |      0 |      0 |    127 |   1 |  171.0 |
       Dungeon |    171 |    171 |      0 |      0 |    127 |   1 |  171.0 |
               +--------+--------+--------+--------+--------+-----+--------+

Top non-repeatable levels by time:
     D:1: 171 daAuts
